Map: [EWC] Crimson Court

Players

Clem - Winner!

  • Race: Terran Terran
  • Spawn Location: 1:00

Reynor

  • Race: Zerg Zerg
  • Spawn Location: 7:00

Event: Esports World Cup 2024

VOD

Have the link to the VOD?

Description

Time

  • Played on: Aug. 15, 2024, 9:01 a.m.
  • Length: 13:01

All games in this series

Show
View Real Time Build Order
Export as new Build Order

Clem Terran - Winner!

Build Orders:  

Get SALT Encoding   

  12  0:00  SCV  
  13  0:12  SCV  
  14  0:18  Supply Depot  
  14  0:24  SCV  
  15  0:40  SCV  
  15  0:42  Barracks  
  16  0:44  Refinery  
  16  0:52  SCV  
  17  0:59  Barracks  
  17  1:04  SCV  
  18  1:16  SCV  
  19  1:28  Reaper  
  19  1:29  Orbital Command  
  19  1:31  Supply Depot  
  20  1:46  Reaper  
  21  1:54  SCV  
  22  2:03  Reaper  
  22  2:08  Command Center  
  23  2:09  SCV  
  23  2:14  Refinery  
  24  2:21  Reaper  
  24  2:22  SCV  
  26  2:34  SCV  
  27  2:43  Command Center  
  27  2:46  SCV  
  28  2:56  Factory  
  28  2:58  SCV  
  29  3:04  Barracks Tech Lab, Barracks Reactor  
  29  3:10  SCV  
  30  3:21  Orbital Command  
  30  3:22  SCV  
  30  3:27  Marine  
  32  3:34  SCV  
  32  3:40  Starport  
  33  3:42  Marine x2  
  33  3:44  Factory Tech Lab  
  33  3:46  SCV  
  36  3:49  SCV  
  36  3:50  Marine  
  36  3:54  Stimpack  
  38  3:58  SCV  
  38  4:01  Marine x2  
  42  4:04  Orbital Command  
  42  4:07  SCV  
  42  4:08  Marine  
  43  4:10  SCV  
  43  4:17  Supply Depot  
  44  4:20  SCV  
  44  4:22  Marine x2  
  44  4:23  SCV  
  44  4:24  Cloaking Field  
  48  4:26  Banshee  
  48  4:29  SCV  
  52  4:32  SCV  
  52  4:34  Marine  
  52  4:35  SCV  
  52  4:37  Factory Reactor  
  55  4:41  SCV  
  55  4:44  Marine x2  
  58  4:45  SCV  
  58  4:48  Supply Depot, SCV  
  57  4:54  SCV, Refinery  
  57  4:55  Marine, Refinery  
  57  4:57  SCV  
  59  5:01  Barracks  
  59  5:02  Marine  
  59  5:04  SCV  
  59  5:06  SCV  
  62  5:07  Supply Depot, Marine  
  62  5:08  Banshee  
  62  5:11  SCV  
  62  5:13  Engineering Bay  
  67  5:15  Engineering Bay  
  67  5:20  Orbital Command  
  67  5:21  Supply Depot, SCV  
  68  5:22  Marine  
  68  5:25  Marine  
  68  5:28  Supply Depot, SCV  
  71  5:31  Marine  
  71  5:33  SCV  
  73  5:39  Barracks x2  
  73  5:40  SCV  
  74  5:45  Supply Depot, Terran Infantry Armor Level 1  
  74  5:47  Combat Shield  
  74  5:48  SCV  
  75  5:50  Barracks Reactor  
  75  5:53  SCV  
  76  5:57  Marine  
  76  6:00  SCV  
  78  6:05  Supply Depot, Terran Infantry Weapons Level 1, Marine  
  78  6:06  Siege Tank  
  78  6:07  Medivac  
  78  6:09  Medivac  
  86  6:12  SCV  
  86  6:16  Supply Depot, Marine  
  86  6:17  Marine  
  89  6:19  SCV  
  89  6:20  SCV  
  89  6:23  Marine  
  89  6:24  SCV  
  93  6:27  Barracks Reactor x2  
  93  6:30  Marine x2  
  93  6:31  SCV, Refinery x2  
  93  6:32  SCV  
  97  6:36  Marine  
  97  6:37  SCV  
  97  6:39  Siege Tank  
  102  6:41  Supply Depot  
  102  6:44  SCV  
  102  6:46  Medivac  
  102  6:51  Supply Depot, Marine x3, Factory  
  102  6:52  SCV x2  
  107  6:56  SCV  
  107  6:59  Supply Depot, Marine x2  
  110  7:02  Medivac  
  110  7:04  SCV  
  110  7:05  SCV  
  110  7:06  Bunker  
  110  7:08  SCV, Marine  
  115  7:09  Supply Depot  
  115  7:11  Marine x2  
  115  7:13  Marine  
  119  7:16  Siege Tank, SCV  
  119  7:21  Marine x2  
  126  7:22  SCV  
  126  7:26  Marine  
  126  7:27  Marine x2  
  126  7:28  Supply Depot, Marine, Armory  
  130  7:30  SCV  
  132  7:37  Factory Tech Lab  
  132  7:40  Marine  
  132  7:43  Marine x2  
  134  7:45  Command Center  
  134  7:46  Medivac x2  
  134  7:51  Supply Depot  
  138  7:53  Marine x5  
  138  7:54  Marine  
  138  7:58  Marine  
  138  8:00  Marine x2  
  138  8:02  Siege Tank  
  143  8:06  Supply Depot  
  143  8:08  Siege Tank  
  143  8:11  Marine x3  
  149  8:16  Terran Infantry Armor Level 2  
  149  8:17  Terran Infantry Weapons Level 2  
  149  8:19  Terran Vehicle Weapons Level 1  
  149  8:21  Concussive Shells, Marauder  
  149  8:22  Marine  
  149  8:26  Marine  
  149  8:27  Marine x2  
  153  8:28  Supply Depot  
  153  8:30  Marine  
  153  8:34  Marine, Medivac x2  
  156  8:36  Marine  
  156  8:37  Marine  
  156  8:40  Marine  
  160  8:41  Supply Depot, SCV x2  
  160  8:42  SCV  
  160  8:44  Siege Tank  
  160  8:47  Siege Tank  
  169  8:49  Marine  
  169  8:53  SCV x2, Marine  
  169  8:54  SCV, Marine x3  
  173  8:56  Marauder  
  175  9:06  Marine  
  175  9:08  Barracks  
  175  9:09  Barracks x2  
  176  9:16  Siege Tank, Marine x3  
  181  9:18  SCV, Marauder  
  181  9:19  Sensor Tower  
  181  9:21  Siege Tank  
  187  9:26  Planetary Fortress  
  187  9:27  Unknown, SCV  
  187  9:30  Marine  
  189  9:31  Marine  
  189  9:38  Marine x2  
  187  9:39  Marine, Marauder  
  190  9:48  Siege Tank  
  190  9:49  Missile Turret  
  190  9:50  Command Center  
  193  9:54  Siege Tank  
  193  9:56  Ghost Academy  
  193  9:57  Barracks Tech Lab  
  195  10:01  Marine  
  195  10:02  Barracks Tech Lab x2  
  174  10:15  Marine x3  
  174  10:17  Viking x2  
  174  10:19  Marauder x2  
  174  10:20  Siege Tank  
  188  10:22  Marine  
  188  10:26  Siege Tank  
  192  10:29  Missile Turret x2  
  192  10:31  Missile Turret  
  192  10:34  Marine  
  192  10:35  Marine  
  178  10:38  Ghost x2  
  178  10:41  Ghost  
  176  10:50  Ghost  
  176  10:52  Siege Tank  
  177  10:58  Siege Tank  
  179  11:06  Ghost  
  176  11:11  Command Center  
  176  11:20  Marine x2  
  176  11:22  Ghost  
  176  11:23  Ghost x2  
  184  11:31  Siege Tank  
  187  11:35  Planetary Fortress  
  187  11:37  Command Center  
  187  11:42  Ghost  
  189  11:52  Refinery  
  189  11:53  Refinery, Missile Turret  
  189  11:55  Missile Turret, Ghost x2  
  193  12:01  Missile Turret  
  193  12:02  Sensor Tower  
  193  12:05  Ghost  
  189  12:17  Siege Tank, Marine  
  189  12:18  Marine x5  
  189  12:19  Siege Tank, Marine  
  189  12:20  Marine  
  189  12:26  Marine, Marauder  
  189  12:27  Marine  
  188  12:34  Marauder  
  188  12:35  Marine x3  
  185  12:42  Marine x2  
Show
View Real Time Build Order
Export as new Build Order

Reynor Zerg 

Build Orders: Hatch First, Lurkers 

Get SALT Encoding   

  12  0:00  Drone  
  13  0:07  Drone  
  13  0:13  Extractor  
  13  0:14  Drone  
  15  0:36  Hatchery  
  15  0:41  Extractor  
  15  0:42  Drone  
  15  0:47  Overlord  
  15  1:02  Spawning Pool  
  14  1:06  Drone  
  14  1:09  Drone  
  16  1:12  Drone  
  16  1:17  Drone  
  18  1:26  Extractor  
  18  1:27  Drone  
  18  1:38  Drone  
  19  1:49  Queen  
  19  1:50  Queen  
  19  1:52  Drone x2  
  25  2:01  Drone, Overlord  
  26  2:10  Zergling x2  
  26  2:12  Zergling x2  
  28  2:21  Drone x2  
  30  2:26  Spore Crawler  
  30  2:27  Queen  
  32  2:31  Overlord  
  32  2:33  Drone  
  33  2:42  Drone x2  
  35  2:45  Metabolic Boost  
  35  2:51  Queen  
  35  2:53  Drone  
  38  3:00  Zergling x4  
  39  3:06  Drone x2  
  39  3:09  Drone, Overlord  
  42  3:14  Evolution Chamber  
  42  3:27  Queen  
  42  3:30  Drone x3  
  47  3:36  Hatchery  
  47  3:37  Zergling x4  
  47  3:40  Overlord  
  48  3:41  Zergling x2  
  48  3:47  Hatchery  
  49  3:48  Zergling x4  
  49  3:50  Drone  
  52  3:58  Queen  
  52  3:59  Overlord  
  52  4:00  Drone x2  
  56  4:03  Drone  
  56  4:05  Drone  
  56  4:07  Drone  
  56  4:09  Extractor  
  58  4:11  Drone  
  58  4:15  Drone  
  60  4:20  Roach Warren, Overlord  
  59  4:25  Drone  
  59  4:27  Evolution Chamber  
  60  4:31  Drone  
  61  4:38  Drone x2  
  61  4:39  Drone x2  
  61  4:42  Spore Crawler  
  64  4:45  Evolution Chamber  
  64  4:48  Overlord  
  64  4:51  Drone  
  65  4:54  Drone x2  
  65  4:56  Drone  
  68  5:01  Drone x2  
  68  5:04  Unknown  
  68  5:06  Lair  
  69  5:07  Drone  
  69  5:11  Overlord  
  69  5:14  Drone x2  
  72  5:22  Drone x2  
  72  5:23  Drone x2  
  72  5:25  Drone  
  77  5:32  Drone x2  
  77  5:33  Drone  
  77  5:34  Overlord  
  77  5:35  Evolution Chamber, Roach x2  
  84  5:36  Evolution Chamber  
  84  5:39  Roach  
  84  5:42  Roach x2  
  88  5:47  Roach x4  
  96  5:56  Spore Crawler  
  96  5:57  Drone x2  
  95  6:00  Drone  
  95  6:01  Drone x2  
  95  6:03  Spore Crawler, Overseer  
  96  6:10  Drone x3  
  97  6:12  Drone x2  
  97  6:14  Overlord  
  97  6:16  Drone  
  98  6:21  Drone  
  97  6:27  Drone  
  97  6:28  Drone  
  97  6:30  Drone  
  99  6:38  Hatchery  
  98  6:41  Drone x4  
  101  6:48  Zerg Ground Armor Level 1, Zerg Missile Weapons Level 1  
  101  6:51  Extractor  
  101  6:53  Drone x5  
  105  6:56  Extractor  
  105  6:59  Spore Crawler  
  105  7:00  Glial Reconstitution  
  103  7:04  Roach x2  
  103  7:05  Overlord  
  103  7:06  Overlord  
  103  7:08  Roach  
  109  7:10  Overlord  
  109  7:16  Overlord  
  109  7:23  Infestation Pit  
  109  7:24  Overlord  
  109  7:25  Roach x2  
  109  7:26  Roach x3  
  109  7:28  Roach x2  
  122  7:35  Drone x2  
  123  7:38  Ravager x2  
  123  7:39  Roach x2  
  123  7:40  Zergling x8  
  133  7:45  Roach x3  
  133  7:46  Roach  
  133  7:47  Overlord  
  133  7:48  Roach  
  145  7:51  Zergling x2, Roach  
  146  8:03  Hive  
  146  8:05  Overlord  
  146  8:12  Hatchery  
  145  8:17  Hydralisk Den  
  144  8:20  Roach x4  
  144  8:21  Overlord  
  144  8:24  Ravager x2  
  144  8:25  Zergling x2, Roach x3  
  161  8:32  Roach x3  
  161  8:33  Overlord  
  161  8:46  Drone x9  
  161  8:48  Lurker Den  
  169  8:50  Zerg Ground Armor Level 2  
  169  8:53  Overlord  
  164  9:02  Drone x3, Hydralisk x2  
  165  9:03  Hydralisk x2  
  173  9:10  Overlord  
  173  9:12  Overlord  
  173  9:16  Zerg Missile Weapons Level 2  
  173  9:18  Extractor  
  173  9:19  Drone  
  173  9:20  Extractor  
  173  9:23  Drone x2  
  174  9:37  Zergling x10  
  174  9:38  Zergling x4  
  165  9:44  Roach x5  
  165  9:45  Lurker x3  
  175  9:46  Lurker  
  178  9:54  Overlord  
  176  10:00  Drone x2  
  176  10:01  Spawning Pool  
  173  10:11  Drone x3  
  173  10:12  Hydralisk  
  173  10:13  Hydralisk x2  
  171  10:15  Roach x2  
  173  10:22  Overlord x4  
  173  10:24  Overlord  
  172  10:34  Overlord  
  153  10:37  Overlord  
  153  10:41  Seismic Spines  
  153  10:42  Extractor  
  152  10:43  Hydralisk x4  
  156  10:52  Hatchery  
  156  10:57  Hydralisk x2  
  155  11:03  Zergling x16  
  167  11:11  Hatchery  
  164  11:12  Hatchery  
  164  11:14  Lurker x3  
  166  11:21  Lurker  
  167  11:28  Lurker  
  167  11:32  Overseer  
  165  11:38  Drone x3  
  165  11:39  Drone x2  
  170  11:40  Overlord  
  168  11:50  Hydralisk x4  
  176  11:58  Overlord  
  176  12:01  Extractor  
  175  12:13  Hydralisk  
  175  12:14  Zergling x16  
  171  12:17  Hydralisk  
  171  12:19  Queen x2  
  160  12:23  Hydralisk  
  156  12:31  Lurker x3  
  156  12:35  Zergling x10, Hydralisk  
  154  12:39  Zergling x4  
  138  12:55  Lurker  
Tags
 
Add a new tag
Caveats
  • Supply blocks, unpowered buildings, or Contaminate may cause inaccurate times.
  • Supply counts are checked every 10 seconds.